 Dungeon Crawl Stone Soup version 0.31.0-11-ge490571c62 (webtiles) character file.

Game seed: 2480018156000823251

30724 qw the Markself (level 13, -1/82 HPs)
             Began as a Deep Elf Hunter on Feb 4, 2024.
             Was a High Priest of Okawaru.
             Slain by a death yak (23 damage)
             ... on level 3 of the Lair of Beasts.
             The game lasted 00:01:53 (12650 turns).

qw the Markself (Deep Elf Hunter)                  Turns: 12650, Time: 00:01:53

Health: -1/82      AC:  8    Str:  7    XL:     13   Next: 22%
Magic:  22/22      EV: 29    Int: 16    God:    Okawaru [*****.]
Gold:   841        SH:  0    Dex: 18    Spells: 12/12 levels left

rFire   + . .        g - +0 longbow
rCold   . . .        (shield currently unavailable)
rNeg    . . .        m - +1 leather armour of Babules {rF+ rCorr Str-5 Slay+5}
rPois   .            o - +0 helmet
rElec   .            (no cloak)
rCorr   +            (no gloves)
SInv    .            c - +2 pair of boots
Will    +....        b - amulet of faith
Stlth   ++           i - +5 ring of evasion
HPRegen 0.33/turn    n - +5 ring of evasion
MPRegen 0.18/turn

%: faith
@: no status effects
A: no striking features
a: Renounce Religion, Heroism, Finesse, Duel


You were on level 3 of the Lair of Beasts.
You worshipped Okawaru.
Okawaru was extremely pleased with you.
You visited 3 branches of the dungeon, and saw 15 of its levels.

You collected 841 gold pieces.


   Skills:
 - Level 10.0 Fighting
 + Level 17.1 Ranged Weapons
 - Level 3.0 Armour
 - Level 13.6 Dodging
 - Level 1.2 Stealth
 - Level 10.0 Invocations


You had 12 spell levels left.
You didn't know any spells.
Your spell library was empty.

Inventory:

Hand Weapons
 g - a +0 longbow (weapon)
Armour
 c - a +2 pair of boots (worn)
 m - the +1 leather armour of Babules (worn) {rF+ rCorr Str-5 Slay+5}
   (You took it off a goblin on level 2 of the Dungeon)

   Str-5:     It affects your strength (-5).
   Slay+5:    It affects your accuracy & damage with ranged weapons and melee
   (+5).
   rF+:       It protects you from fire.
   rCorr:     It protects you from acid and corrosion.
 o - a +0 helmet (worn)
 q - the +2 robe "Wovo" {rC- Str+2 Dex+5 Archmagi}
   (You found it on level 11 of the Dungeon)

   Str+2:     It affects your strength (+2).
   Dex+5:     It affects your dexterity (+5).
   rC-:       It makes you vulnerable to cold.
   Archmagi:  It increases the power of your magical spells.
Jewellery
 a - an amulet of reflection
 b - an amulet of faith (around neck)
 i - a +5 ring of evasion (left hand)
 n - a +5 ring of evasion (right hand)
Wands
 d - a wand of polymorph (26)
 h - a wand of mindburst (21)
 u - a wand of iceblast (5)
Scrolls
 k - 5 scrolls of teleportation
Potions
 e - 2 potions of haste
 f - a potion of might
 j - 2 potions of enlightenment
 l - 7 potions of curing
 s - a potion of heal wounds

Dungeon Overview and Level Annotations

Branches:
Dungeon (11/15)            Temple (1/1) D:4            Lair (3/5) D:11
    Orc (0/2) D:10
  Swamp: Lair:2-3    Shoals: Lair:2-3     Snake: Lair:2-3    Spider: Lair:2-3

Altars:
Ashenzari
Cheibriados
Dithmenos
Elyvilon
Fedhas
Gozag
Hepliaklqana
Kikubaaqudgha
Makhleb
Nemelex Xobeh
Okawaru
Qazlal
Ru
Sif Muna
Trog
Uskayaw
Vehumet
Wu Jian
Xom
Yredelemnul
Zin
The Shining One

Shops:
D:1 (

Annotations:
D:3 Sigmund
D:9 1 runed translucent door


Message History

Your Ranged Weapons skill increases to level 17!
You shoot an arrow.
The arrow hits the death yak but does no damage.
The death yak is lightly wounded.
The bullfrog completely misses you.
You shoot an arrow. The arrow barely misses the death yak.
The bullfrog completely misses you. The death yak gores you!!
The bullfrog closely misses you.
You shoot an arrow.
The arrow hits the death yak but does no damage.
The death yak is lightly wounded.
The death yak barely misses you. The bullfrog misses you.
You shoot an arrow. The arrow barely misses the death yak.
The bullfrog hits you but does no damage.
The death yak gores you!!
You shoot an arrow. The arrow hits the death yak!
The death yak is lightly wounded.
The bullfrog barely misses you. The death yak misses you.
You shoot an arrow. The arrow hits the death yak!!
The death yak is moderately wounded.
The bullfrog completely misses you. The bullfrog misses you.
The death yak completely misses you.
You shoot an arrow. The arrow barely misses the death yak.
The bullfrog completely misses you. The death yak gores you!
You shoot an arrow. The arrow hits the death yak!
The death yak is heavily wounded.
The bullfrog completely misses you. The bullfrog misses you.
The death yak gores you but does no damage.
You shoot an arrow. The arrow hits the death yak!
The death yak is heavily wounded.
The bullfrog closely misses you. The death yak gores you.
You shoot an arrow. The arrow hits the death yak!
The death yak is severely wounded.
The bullfrog misses you. The bullfrog completely misses you.
You shoot an arrow. The arrow barely misses the death yak.
The death yak misses you. The bullfrog completely misses you.
You shoot an arrow. The arrow hits the death yak!!
The death yak is almost dead.
The bullfrog completely misses you. The death yak gores you!!
You die...

### #########.# ### ###
..........######@### ##..Y .
........<###.#.Y#F.##..#.Y..
...>.....#...........%.Y.#
.........#.%#######..#####
~~~~~....).## ####
~~~~~~~...#.# ~~~~~~~..####
~~~~~~~~.. ~~..~~~.###


You could see a death yak and a bullfrog.

Vanquished Creatures
  2 centaur warriors (D:9)
  7 two-headed ogres
  4 death yaks (Lair:3)
  A skyshark (Lair:2)
  A harpy (shapeshifter) (D:9)
  An ugly thing (D:11)
  2 cyclopes (D:9)
  11 elephants
  2 black mambas
  A gargoyle (D:11)
  6 cane toads
  A torpor snail (Lair:2)
  5 komodo dragons
  An unseen horror (D:10)
  A tengu conjurer (D:9)
  6 trolls
  A hornet (D:11)
  A slime creature (D:9)
  2 shadows
  A wyvern (D:8)
  A basilisk (Lair:1)
  20 yaks
  3 vampire mosquitoes (D:10)
  10 water moccasins
  An acid dragon (D:11)
  3 ice beasts
  5 orc warriors
  A sky beast (D:8)
  10 wolves
  3 centaurs
  2 phantoms
  3 gnoll sergeants
  11 bullfrogs
  2 scorpions (D:5)
  3 wights (D:10)
  25 killer bees
  3 howler monkeys (D:9)
  5 jellies
  13 orc priests
  3 hounds
  3 iguanas
  26 orc wizards
  11 gnolls
  11 adders
  3 white imps
  An ufetubus (D:5)
  A dart slug (D:1)
  3 ribbon worms
  57 orcs
  An endoplasm (D:1)
  5 giant cockroaches
  5 goblins
  11 hobgoblins
  4 quokkas
  4 ball pythons
  3 bats
  2 frilled lizards
  7 kobolds
342 creatures vanquished.

Notes
Turn   | Place    | Note
-------+----------+-------------------------------------------
     0 | D:1      | qw the Deep Elf Hunter began the quest for the Orb.
     0 | D:1      | Reached XP level 1. HP: 12/12 MP: 3/3
     0 | D:1      | 0 ||| qw: Version: 0.3-a-160-g6735b56
     0 | D:1      | 0 ||| qw: Game counter: 5651
     0 | D:1      | 0 ||| qw: Melee chars always use a shield: true
     0 | D:1      | 0 ||| qw: God list: Okawaru
     0 | D:1      | 0 ||| qw: Allow faded altars: false
     0 | D:1      | 0 ||| qw: Do Orc after clearing Dungeon:15 true
     0 | D:1      | 0 ||| qw: Do second Lair branch before Depths: true
     0 | D:1      | 0 ||| qw: Lair rune preference: random
     0 | D:1      | 0 ||| qw: Goals: Normal
     0 | D:1      | 0 ||| PLANNING D:1-11
    18 | D:1      | Found Suzumahev's Weapon Boutique.
   118 | D:1      | Reached skill level 6 in Ranged Weapons
   118 | D:1      | Reached XP level 2. HP: 16/16 MP: 4/4
   571 | D:1      | 571 ||| UPGRADING to +0 ring mail.
   581 | D:1      | 581 ||| DROPPING +0 leather armour.
   582 | D:1      | 582 ||| READING scroll labelled QODEJO OGHOEPROKU.
   683 | D:1      | 683 ||| READING scroll labelled GYCER HOIDWO.
   683 | D:1      | 683 ||| IDENTIFYING coppery potion
   684 | D:1      | 684 ||| READING scroll labelled TEMMOOCVAGG.
   685 | D:1      | 685 ||| READING scroll labelled FARPHO ZISI.
   685 | D:1      | 685 ||| ENCHANTING +0 ring mail.
   686 | D:1      | 686 ||| READING 2 scrolls labelled HUIRHU TICAGG.
   689 | D:1      | 689 ||| DROPPING scroll of butterflies.
  1025 | D:2      | Reached XP level 3. HP: 14/20 MP: 5/5
  1115 | D:2      | Found a faded altar of an unknown god.
  1124 | D:2      | Identified the +1 leather armour of Babules {rF+ rCorr
                  | Str-5 Slay+5}
  1129 | D:2      | HP: 4/20 [goblin/+0 club (8)]
  1130 | D:2      | 1130 ||| READING 2 scrolls of teleportation.
  1130 | D:2      | HP: 1/20 [goblin/+0 club (3)]
  1315 | D:2      | Reached skill level 7 in Ranged Weapons
  1513 | D:2      | 1513 ||| UPGRADING to +2 pair of boots.
  1518 | D:2      | 1518 ||| UPGRADING to +1 leather armour of Babules {rF+
                  | rCorr Str-5 Slay+5}.
  1528 | D:2      | 1528 ||| DROPPING +1 ring mail.
  1529 | D:2      | 1529 ||| UPGRADING to amulet of faith.
  1534 | D:2      | 1534 ||| UPGRADING to +5 ring of evasion.
  1535 | D:2      | 1535 ||| UPGRADING to +5 ring of evasion.
  1536 | D:2      | 1536 ||| READING scroll labelled SIWE LUJIYLUEWOLI.
  1537 | D:2      | 1537 ||| READING scroll labelled LUM FEUGAFOSSY.
  1538 | D:2      | 1538 ||| DRINKING 2 white potions.
  1539 | D:2      | 1539 ||| DROPPING potion of attraction.
  1541 | D:2      | 1541 ||| Stepping ~*~*~tactically~*~*~ (cloud).
  1547 | D:2      | HP: 5/20 [poisoned by you (poison gas)]
  1758 | D:3      | Reached XP level 4. HP: 25/25 MP: 6/6
  1911 | D:3      | Noticed a +0 dagger
  1911 | D:3      | Noticed a +0 dagger
  1911 | D:3      | Noticed a +0 short sword
  1912 | D:3      | Noticed a +0 short sword
  1913 | D:3      | Noticed a +0 spear
  1914 | D:3      | Noticed a +0 falchion
  1915 | D:3      | Noticed a +0 falchion
  1916 | D:3      | Noticed a +0 spear
  1919 | D:3      | Noticed Sigmund
  1920 | D:3      | Found a hide-covered altar of Uskayaw.
  2251 | D:3      | 2251 ||| DROPPING ring of protection from cold.
  2252 | D:3      | 2252 ||| READING scroll of identify.
  2252 | D:3      | 2252 ||| IDENTIFYING puce potion
  2289 | D:4      | Reached skill level 8 in Ranged Weapons
  2380 | D:4      | Reached XP level 5. HP: 29/29 MP: 7/7
  2678 | D:4      | Reached skill level 9 in Ranged Weapons
  2680 | D:4      | 2680 ||| FLEEEEING.
  2708 | D:4      | Found a staircase to the Ecumenical Temple.
  2709 | D:4      | 2709 ||| PLANNING TEMPLE
  2709 | D:4      | 2709 ||| READING scroll of identify.
  2709 | D:4      | 2709 ||| IDENTIFYING golden potion
  2710 | D:4      | 2710 ||| READING scroll labelled OTIRIU QUT TUO.
  2711 | D:4      | 2711 ||| READING scroll labelled HOZ NECWAC.
  2712 | D:4      | 2712 ||| DRINKING 2 brown potions.
  2721 | Temple   | Entered the Ecumenical Temple
  2722 | Temple   | 2722 ||| PLANNING OKAWARU WORSHIP
  2732 | Temple   | Became a worshipper of Warmaster Okawaru
  2733 | Temple   | 2733 ||| PLANNING D:1-11
  3102 | D:4      | 3102 ||| READING scroll labelled QIATYB CEWNEU.
  3157 | D:5      | Entered Level 5 of the Dungeon
  3170 | D:5      | Reached skill level 3 in Dodging
  3170 | D:5      | 3170 ||| RETREEEEATING.
  3173 | D:5      | 3173 ||| RETREEEEATING.
  3175 | D:5      | Reached XP level 6. HP: 32/35 MP: 8/8
  3176 | D:5      | 3176 ||| RETREEEEATING.
  3187 | D:5      | Reached skill level 10 in Ranged Weapons
  3198 | D:5      | Reached * piety under Okawaru
  3290 | D:5      | 3290 ||| DRINKING potion of curing.
  3290 | D:5      | 3290 ||| (to cure confusion)
  3293 | D:5      | Reached skill level 1 in Invocations
  3302 | D:5      | Reached XP level 7. HP: 35/40 MP: 8/10
  4048 | D:5      | Found an ancient bone altar of Kikubaaqudgha.
  4054 | D:5      | Reached skill level 3 in Invocations
  4116 | D:5      | 4116 ||| READING scroll of identify.
  4116 | D:5      | 4116 ||| IDENTIFYING amethyst potion
  4117 | D:5      | 4117 ||| READING scroll labelled VIVUME XOOHELL.
  4117 | D:5      | 4117 ||| ENCHANTING +0 shortbow.
  4118 | D:5      | 4118 ||| READING scroll labelled INAKHIU TYOHIO.
  4119 | D:5      | 4119 ||| DROPPING potion of lignification.
  4156 | D:6      | Reached ** piety under Okawaru
  4157 | D:6      | Reached skill level 11 in Ranged Weapons
  4580 | D:6      | Reached XP level 8. HP: 44/44 MP: 13/13
  4819 | D:6      | Reached skill level 12 in Ranged Weapons
  4846 | D:6      | Reached skill level 3 in Fighting
  5052 | D:7      | Reached *** piety under Okawaru
  5224 | D:7      | Found a sacrificial altar of Ru.
  5260 | D:7      | Reached skill level 13 in Ranged Weapons
  5317 | D:7      | 5317 ||| RETREEEEATING.
  5339 | D:7      | Reached XP level 9. HP: 42/50 MP: 14/14
  5368 | D:7      | 5368 ||| SWAPPING to +0 orcbow.
  5369 | D:7      | 5369 ||| DROPPING +1 shortbow.
  5420 | D:7      | Reached **** piety under Okawaru
  5506 | D:7      | Reached skill level 14 in Ranged Weapons
  5570 | D:7      | 5570 ||| READING 2 scrolls of identify.
  5570 | D:7      | 5570 ||| IDENTIFYING smoky pink potion
  5584 | D:8      | 5584 ||| RETREEEEATING.
  5585 | D:8      | 5585 ||| STAIRDANCE
  5636 | D:8      | 5636 ||| STAIRDANCE
  5759 | D:8      | 5759 ||| STAIRDANCE
  5968 | D:8      | Noticed a two-headed ogre
  5969 | D:8      | 5969 ||| INVOKING Finesse.
  5976 | D:8      | Killed a two-headed ogre
  5976 | D:8      | Reached ***** piety under Okawaru
  5976 | D:8      | Received a gift from Okawaru
  5977 | D:8      | Reached skill level 15 in Ranged Weapons
  5977 | D:8      | Reached skill level 6 in Invocations
  6088 | D:8      | 6088 ||| RETREEEEATING.
  6090 | D:8      | Reached skill level 1 in Armour
  6120 | D:8      | 6120 ||| RETREEEEATING.
  6121 | D:8      | 6121 ||| RETREEEEATING.
  6122 | D:8      | 6122 ||| RETREEEEATING.
  6288 | D:8      | Reached skill level 6 in Dodging
  6288 | D:8      | Reached XP level 10. HP: 49/56 MP: 17/17
  6328 | D:8      | 6328 ||| READING scroll of enchant weapon.
  6328 | D:8      | 6328 ||| ENCHANTING +0 orcbow.
  6604 | D:8      | Found a sparkling altar of Nemelex Xobeh.
  6680 | D:8      | 6680 ||| DROPPING ring of wizardry.
  6755 | D:9      | 6755 ||| FLEEEEING.
  6756 | D:9      | 6756 ||| FLEEEEING.
  6757 | D:9      | 6757 ||| DRINKING 4 potions of curing.
  6757 | D:9      | 6757 ||| (to cure confusion)
  6758 | D:9      | 6758 ||| FLEEEEING.
  6759 | D:9      | 6759 ||| FLEEEEING.
  6760 | D:9      | 6760 ||| FLEEEEING.
  6761 | D:9      | 6761 ||| STAIRDANCE
  6982 | D:9      | 6982 ||| RETREEEEATING.
  7015 | D:9      | Noticed a two-headed ogre
  7016 | D:9      | 7016 ||| INVOKING Finesse.
  7024 | D:9      | Killed a two-headed ogre
  7025 | D:9      | Reached skill level 9 in Invocations
  7089 | D:9      | Noticed a centaur warrior
  7090 | D:9      | 7090 ||| RETREEEEATING.
  7092 | D:9      | 7092 ||| RETREEEEATING.
  7096 | D:9      | 7096 ||| RETREEEEATING.
  7105 | D:9      | Received a gift from Okawaru
  7106 | D:9      | 7106 ||| INVOKING Finesse.
  7113 | D:9      | Killed a centaur warrior
  7114 | D:9      | Reached skill level 16 in Ranged Weapons
  7118 | D:9      | HP: 7/56 [centaur/arrow (10)]
  7119 | D:9      | 7119 ||| READING 6 scrolls of teleportation.
  7120 | D:9      | 7120 ||| DRINKING 2 potions of heal wounds.
  7485 | D:9      | Noticed a two-headed ogre
  7486 | D:9      | 7486 ||| INVOKING Finesse.
  7489 | D:9      | Killed a two-headed ogre
  7489 | D:9      | Received a gift from Okawaru
  7490 | D:9      | Reached XP level 11. HP: 62/62 MP: 14/20
  7698 | D:9      | Noticed a two-headed ogre
  7699 | D:9      | 7699 ||| INVOKING Finesse.
  7705 | D:9      | Killed a two-headed ogre
  7732 | D:9      | Noticed a centaur warrior
  7732 | D:9      | Noticed a centaur warrior
  7732 | D:9      | Noticed a deep elf pyromancer
  7736 | D:9      | Identified the +6 shortbow "Sarcophage" {drain, rC+}
  7736 | D:9      | Noticed a centaur warrior
  7740 | D:9      | Reached skill level 9 in Dodging
  7749 | D:9      | HP: 12/60 [centaur warrior/stone (7)]
  7750 | D:9      | 7750 ||| READING 5 scrolls of teleportation.
  7751 | D:9      | 7751 ||| DRINKING potion of heal wounds.
  7753 | D:9      | Killed a centaur warrior
  7753 | D:9      | Received a gift from Okawaru
  7754 | D:9      | 7754 ||| FLEEEEING.
  7755 | D:9      | 7755 ||| FLEEEEING.
  7756 | D:9      | 7756 ||| FLEEEEING.
  7779 | D:9      | 7779 ||| FLEEEEING.
  7785 | D:9      | 7785 ||| FLEEEEING.
  7786 | D:9      | 7786 ||| FLEEEEING.
  7787 | D:9      | 7787 ||| FLEEEEING.
  7788 | D:9      | 7788 ||| FLEEEEING.
  7795 | D:9      | 7795 ||| FLEEEEING.
  7796 | D:9      | 7796 ||| FLEEEEING.
  7804 | D:9      | HP: 16/64 [slime creature (10)]
  7805 | D:9      | 7805 ||| READING 4 scrolls of teleportation.
  7811 | D:9      | 7811 ||| READING 3 scrolls of teleportation.
  8107 | D:9      | Found a runed translucent door.
  8127 | D:9      | Reached skill level 6 in Fighting
  8262 | D:9      | Noticed a harpy
  8263 | D:9      | 8263 ||| INVOKING Finesse.
  8272 | D:9      | Killed a harpy
  8318 | D:9      | 8318 ||| DROPPING +6 ring of intelligence.
  8346 | D:10     | Entered Level 10 of the Dungeon
  8370 | D:10     | Found an opulent altar of Gozag.
  8375 | D:10     | 8375 ||| RETREEEEATING.
  8376 | D:10     | 8376 ||| RETREEEEATING.
  8377 | D:10     | 8377 ||| RETREEEEATING.
  8378 | D:10     | 8378 ||| RETREEEEATING.
  8379 | D:10     | 8379 ||| RETREEEEATING.
  8380 | D:10     | 8380 ||| RETREEEEATING.
  8381 | D:10     | 8381 ||| RETREEEEATING.
  8382 | D:10     | 8382 ||| RETREEEEATING.
  8383 | D:10     | 8383 ||| RETREEEEATING.
  8423 | D:10     | 8423 ||| UPGRADING to +0 helmet.
  8440 | D:10     | 8440 ||| Stepping randomly (disturbance).
  8562 | D:10     | Found a stormy altar of Qazlal.
  8700 | D:10     | Received a gift from Okawaru
  8808 | D:10     | Found a staircase to the Orcish Mines.
  8853 | D:10     | HP: 10/66 [orc priest/divine providence (16)]
  8854 | D:10     | 8854 ||| READING 3 scrolls of teleportation.
  9424 | D:10     | 9424 ||| READING 2 scrolls of identify.
  9424 | D:10     | 9424 ||| IDENTIFYING scroll labelled HUYQAW CUXE
  9425 | D:10     | 9425 ||| DROPPING scroll of amnesia.
  9458 | D:11     | Noticed a two-headed ogre
  9459 | D:11     | 9459 ||| INVOKING Finesse.
  9466 | D:11     | Killed a two-headed ogre
  9502 | D:11     | Found a staircase to the Lair.
  9508 | D:11     | Noticed a red ugly thing
  9517 | D:11     | Paralysed by a hornet for 1 turns
  9595 | D:11     | 9595 ||| INVOKING Finesse.
  9607 | D:11     | Killed a red ugly thing
  9651 | D:11     | Reached XP level 12. HP: 72/72 MP: 21/21
  9663 | D:11     | Identified the +2 robe "Wovo" {rC- Str+2 Dex+5 Archmagi}
  9797 | D:11     | Noticed a two-headed ogre
  9798 | D:11     | 9798 ||| INVOKING Finesse.
  9804 | D:11     | Killed a two-headed ogre
  9804 | D:11     | Received a gift from Okawaru
 10032 | D:11     | Noticed a two-headed ogre
 10033 | D:11     | 10033 ||| INVOKING Finesse.
 10042 | D:11     | Killed a two-headed ogre
 10070 | D:11     | Identified the +2 dagger of Ipimasat {elec, Str+4}
 10147 | D:11     | 10147 ||| PLANNING LAIR
 10147 | D:11     | 10147 ||| READING scroll of identify.
 10147 | D:11     | 10147 ||| IDENTIFYING 2 bubbling emerald potions
 10148 | D:11     | 10148 ||| DROPPING 2 potions of berserk rage.
 10197 | Lair:1   | Entered Level 1 of the Lair of Beasts
 10420 | Lair:1   | Reached skill level 12 in Dodging
 10786 | Lair:1   | 10786 ||| RETREEEEATING.
 10787 | Lair:1   | 10787 ||| RETREEEEATING.
 10789 | Lair:1   | 10789 ||| RETREEEEATING.
 10791 | Lair:1   | 10791 ||| RETREEEEATING.
 10800 | Lair:1   | 10800 ||| INVOKING Finesse.
 10806 | Lair:1   | Reached skill level 9 in Fighting
 10820 | Lair:1   | Received a gift from Okawaru
 10830 | Lair:1   | Reached skill level 3 in Armour
 11508 | Lair:1   | 11508 ||| DROPPING +0 ring mail of willpower.
 11509 | Lair:1   | 11509 ||| READING scroll of identify.
 11509 | Lair:1   | 11509 ||| IDENTIFYING scroll labelled XIHYLL XUDDYR
 11510 | Lair:1   | 11510 ||| READING scroll of brand weapon.
 11510 | Lair:1   | 11510 ||| BRANDING +1 orcbow.
 11548 | Lair:2   | 11548 ||| STAIRDANCE
 11609 | Lair:2   | 11609 ||| STAIRDANCE
 11613 | Lair:2   | 11613 ||| STAIRDANCE
 11657 | Lair:2   | 11657 ||| READING scroll of enchant weapon.
 11657 | Lair:2   | 11657 ||| ENCHANTING +1 orcbow of draining.
 11721 | Lair:2   | Received a gift from Okawaru
 11752 | Lair:2   | 11752 ||| RETREEEEATING.
 11753 | Lair:2   | 11753 ||| RETREEEEATING.
 11754 | Lair:2   | 11754 ||| RETREEEEATING.
 11824 | Lair:2   | 11824 ||| RETREEEEATING.
 11825 | Lair:2   | 11825 ||| RETREEEEATING.
 11827 | Lair:2   | 11827 ||| RETREEEEATING.
 11828 | Lair:2   | 11828 ||| RETREEEEATING.
 11829 | Lair:2   | 11829 ||| INVOKING Finesse.
 11847 | Lair:2   | Reached XP level 13. HP: 82/82 MP: 17/22
 12575 | Lair:3   | 12575 ||| SWAPPING to +0 longbow.
 12580 | Lair:3   | 12580 ||| DROPPING +2 orcbow of draining.
 12606 | Lair:3   | 12606 ||| RETREEEEATING.
 12608 | Lair:3   | 12608 ||| RETREEEEATING.
 12611 | Lair:3   | 12611 ||| RETREEEEATING.
 12613 | Lair:3   | 12613 ||| RETREEEEATING.
 12614 | Lair:3   | 12614 ||| RETREEEEATING.
 12639 | Lair:3   | Reached skill level 17 in Ranged Weapons
 12650 | Lair:3   | Slain by a death yak

Levels and vault maps discovered:
D:1:      lightli_arrival_farm, layout_basic, serial_shops, shop
D:2:      layout_basic, hellmonk_ecumenical_altar_run_dry, st_stairs_5
D:3:      layout_basic, nicolae_uskayaw_en_pointe, minmay_crystal_water,
          grunt_decor_fettered, uniq_sigmund
D:4:      layout_loops_ring, temple_hall
D:5:      layout_basic, lemuel_crystal_altar, minmay_manual_moon
D:6:      layout_basic
D:7:      layout_basic, nicolae_ru_awakened_eye, st_stairs_9
D:8:      layout_basic, nemelex_spade_bored_becter
D:9:      minmay_the_grid_triangle_9x9_recursive_2_mashed
          [minmay_the_grid_triangle_9x9_prize_center,
          minmay_the_grid_triangle_9x9_warning,
          minmay_the_grid_triangle_9x9_subtriangle,
          minmay_the_grid_triangle_9x9_odd_lines], layout_loops_ring,
          corexii_checkpoint
D:10:     layout_stronghold, nicolae_qazlal_style_of_elements,
          mainiacjoe_overflow_concentric_impassable,
          minmay_orc_entry_temple_large
D:11:     layout_loops_cross, dpeg_oklobed_lair
Temple:   nicolae_temple_bog_church
Lair:1:   layout_cave_pods, chequers_serial_rivers_large_a, beast_lair_carwin_6
Lair:2:   layout_concentric_octagons, ldierk_geyser, lemuel_fruit_tree
Lair:3:   layout_roguey, minmay_shoals_entry_centaurs,
          nicolae_snake_entry_squirm, wad_woods_river_01, lemuel_fruit_fields,
          infiniplex_staircase_pool_2, uniq_amaemon

Skill      XL: |  1  2  3  4  5  6  7  8  9 10 11 12 13 |
---------------+----------------------------------------+-----
Ranged Weapons | 6 7 8 9 10 11 13 15 16 17 | 17.1
Fighting       | 2 3 4 7 10 | 10.0
Dodging        | 3 4 5 6 7 11 13 | 13.6
Invocations    | 1 4 7 10 | 10.0
Armour         | 1 2 3 |  3.0
Stealth        | |  1.2

Action                     |  1- 3 |  4- 6 |  7- 9 | 10-12 | 13-15 || total
---------------------------+-------+-------+-------+-------+-------++-------
   Fire: Shortbow          |   119 |   145 |   206 |       |       ||   470
         Orcbow            |       |       |   128 |   738 |    30 ||   896
         Longbow           |       |       |       |       |    56 ||    56
 Invoke: Finesse           |       |       |     1 |    11 |       ||    12
    Use: Scroll            |     8 |     5 |     4 |    11 |       ||    28
         Potion            |     1 |     2 |       |     3 |       ||     6
 Armour: Leather armour    |     5 |    14 |    65 |    94 |    11 ||   189
         Ring mail         |    12 |       |       |       |       ||    12
  Dodge: Dodged            |    23 |    52 |   206 |   319 |    58 ||   658

Table legend:
 A = Non-vault XP
 B = Vault XP
 C = Vault XP percentage of total XP
 D = Non-vault monster count
 E = Vault monster count
 F = Vault count percentage of total count
                 A         B        C        D         E       F
            +---------+---------+-------+---------+---------+-------
      Total |   35730 |    8162 |  18.6 |     294 |      48 |  14.0
            +---------+---------+-------+---------+---------+-------
        D:1 |      29 |       0 |   0.0 |      16 |       0 |   0.0
        D:2 |      33 |       4 |  10.8 |      11 |       2 |  15.4
        D:3 |      83 |       0 |   0.0 |      16 |       0 |   0.0
        D:4 |     207 |       0 |   0.0 |      22 |       0 |   0.0
        D:5 |     449 |     197 |  30.5 |      22 |       5 |  18.5
        D:6 |     903 |       0 |   0.0 |      24 |       0 |   0.0
        D:7 |    1420 |     101 |   6.6 |      26 |       2 |   7.1
        D:8 |    2392 |       0 |   0.0 |      26 |       0 |   0.0
        D:9 |    5510 |    5714 |  50.9 |      39 |      12 |  23.5
       D:10 |    2301 |     441 |  16.1 |      21 |      19 |  47.5
       D:11 |    4458 |       0 |   0.0 |      15 |       0 |   0.0
     Lair:1 |    7356 |    1705 |  18.8 |      26 |       8 |  23.5
     Lair:2 |    6529 |       0 |   0.0 |      24 |       0 |   0.0
     Lair:3 |    4060 |       0 |   0.0 |       6 |       0 |   0.0
            +---------+---------+-------+---------+---------+-------
